 Dungeon Crawl Stone Soup version 0.16-a0-4024-g0ecf4ac (console) character file.

126 mauris the Firebug (level 5, 4/38 HPs)
             Began as a Hill Orc Fire Elementalist on Feb 4, 2015.
             Quit the game on level 3 of the Dungeon on Feb 18, 2015.
             The game lasted 00:15:36 (4483 turns).

mauris the Firebug (Hill Orc Fire Elementalist)     Turns: 4483, Time: 00:15:36

Health: 4/38       AC:  2    Str: 11    XL:     5   Next: 9%
Magic:  7/7        EV: 12    Int: 15    God:
Gold:   81         SH:  0    Dex: 12    Spells: 3 memorised, 1 level left

rFire  . . .     SeeInvis .     a - +0 mace
rCold  . . .     Clarity  .     m - +0 robe
rNeg   . . .     SustAb   .     (no shield)
rPois  .         Gourm    .     (no helmet)
rElec  .         Spirit   .     (no cloak)
rCorr  .         Warding  .     (no gloves)
rMut   .         Stasis   .     (no boots)
MR     .....                    (no amulet)
Stlth  ++........               (no ring)
                                o - ring of wizardry

@: quite poisoned (4 -> 2), not resistant to hostile enchantments, unstealthy
A: no striking features
a: no special abilities


You were on level 3 of the Dungeon.
You were not hungry.

You visited 1 branch of the dungeon, and saw 3 of its levels.

You collected 81 gold pieces.

Inventory:

Hand weapons
 a - a +0 mace (weapon)
Missiles
 e - 4 javelins (quivered)
 h - 20 stones
Armour
 m - a +0 robe (worn)
Jewellery
 o - a ring of wizardry (left hand)
Magical devices
 r - a wand of disintegration (6)
Scrolls
 d - a scroll of remove curse {unknown}
 g - a scroll of enchant armour {unknown}
 j - a scroll of identify {@r1}
 l - 4 scrolls of blinking {unknown}
Potions
 f - a potion of cure mutation
 i - a potion of heal wounds {unknown}
 s - a potion of restore abilities {unknown}
Books
 b - a book of Flames

   Spells                             Type                      Level
   a - Flame Tongue                   Conjuration/Fire             1
   b - Throw Flame                    Conjuration/Fire             2
   c - Conjure Flame                  Conjuration/Fire             3
   d - Inner Flame                    Hexes/Fire                   3
   e - Sticky Flame                   Conjuration/Fire             4
   f - Fireball                       Conjuration/Fire             5
Comestibles
 c - a meat ration
 n - 2 fruits
 p - 3 chunks of flesh
 q - 2 bread rations


   Skills:
 + Level 3.5 Maces & Flails
 - Level 1.5 Dodging
 - Level 1.5 Stealth
 - Level 1.5 Spellcasting
 - Level 1.0 Conjurations
 - Level 4.8 Fire Magic


You had one spell level left.
You knew the following spells:

 Your Spells              Type           Power        Failure   Level  Hunger
a - Flame Tongue          Conj/Fire      #....        4%          1    ##.....
b - Throw Flame           Conj/Fire      #.....       4%          2    ###....
c - Conjure Flame         Conj/Fire      #.......     10%         3    ####...


Dungeon Overview and Level Annotations

Branches:
Dungeon (3/15)

Altars:
Trog


Message History

Unknown command.
You closely miss the adder.
The adder is almost dead.
The bat hits you but does no damage. The adder bites you.
You are poisoned.
The adder poisons you! The adder completely misses you.
Damage: -3%(-1hp) hp: 32%(12hp)
You closely miss the adder.
The adder is almost dead.
You feel sick. The bat hits you. The adder completely misses you.
Damage: -5%(-2hp) hp: 27%(10hp)
You barely miss the adder.
The adder is almost dead.
You feel sick. The bat barely misses you. The bat closely misses you.
The adder bites you.
* * * LOW HITPOINT WARNING * * *
The adder bites you.
* * * LOW HITPOINT WARNING * * *
Huge Dmg: -16%(-6hp) hp: 11%(4hp) Are you sure you want to abandon this character and quit the game? (Confirm with "yes".)

#####.#######
####.............
#........#######
#.##.#..## #.#..#
#.#..#
#.#..#######.
#.#...........
#.#..oS...##
#.....b.......
###.......###
#.......#
...###### #####


You could see an adder and a bat.

Vanquished Creatures
  3 adders
  A giant mite (D:2)
  3 worms
  2 giant geckos
  4 bats
  5 giant cockroaches
  13 goblins
  12 hobgoblins
  4 jackals (D:2)
  5 kobolds
  2 quokkas
  5 giant newts
  10 rats
69 creatures vanquished.

Notes
Turn   | Place    | Note
--------------------------------------------------------------
     0 | D:1      | mauris, the Hill Orc Fire Elementalist, began the quest for the Orb.
     0 | D:1      | Reached XP level 1. HP: 14/14 MP: 2/2
    83 | D:1      | Huge Dmg: 3 Dmg
    88 | D:1      | Huge Dmg: 4 Dmg
   128 | D:1      | Huge Dmg: 2 Dmg
   154 | D:1      | Huge Dmg: 3 Dmg
   162 | D:1      | Huge Dmg: 2 Dmg
   169 | D:1      | Huge Dmg: 1 Dmg
   577 | D:1      | Huge Dmg: 2 Dmg
   852 | D:1      | Huge Dmg: 3 Dmg
  1107 | D:1      | Reached XP level 2. HP: 20/20 MP: 1/3
  1113 | D:1      | Reached skill level 4 in Fire Magic
  1407 | D:1      | Huge Dmg: 4 Dmg
  1410 | D:1      | Huge Dmg: 3 Dmg
  1416 | D:1      | Reached XP level 3. HP: 13/26 MP: 1/5
  2019 | D:2      | Huge Dmg: 5 Dmg
  2040 | D:2      | Huge Dmg: 4 Dmg
  2218 | D:2      | Reached skill level 1 in Maces & Flails
  2372 | D:2      | Huge Dmg: 11 Dmg
  2386 | D:2      | Reached XP level 4. HP: 20/33 MP: 0/6
  2507 | D:2      | Learned a level 2 spell: Throw Flame
  2511 | D:2      | Learned a level 3 spell: Conjure Flame
  2547 | D:2      | Found a bloodstained altar of Trog.
  2687 | D:2      | Huge Dmg: 7 Dmg
  2916 | D:2      | Huge Dmg: 7 Dmg
  3629 | D:2      | Upgraded the game from 0.16-a0-3920-g0a6a257 to 0.16-a0-4020-g6ff35b5
  3843 | D:3      | Noticed a sky beast
  3850 | D:2      | Huge Dmg: 7 Dmg
  3863 | D:2      | Upgraded the game from 0.16-a0-4020-g6ff35b5 to 0.16-a0-4024-g0ecf4ac
  3896 | D:3      | Huge Dmg: 8 Dmg
  3898 | D:2      | Huge Dmg: 8 Dmg
  3899 | D:2      | Huge Dmg: 10 Dmg
  4293 | D:3      | Reached XP level 5. HP: 27/38 MP: 5/7
  4336 | D:3      | Huge Dmg: 6 Dmg
  4437 | D:3      | Huge Dmg: 7 Dmg
  4469 | D:3      | Huge Dmg: 8 Dmg
  4472 | D:3      | Huge Dmg: 7 Dmg
  4474 | D:3      | Huge Dmg: 4 Dmg
  4477 | D:3      | Huge Dmg: 2 Dmg
  4479 | D:3      | Huge Dmg: 3 Dmg
  4483 | D:3      | Huge Dmg: 6 Dmg
  4483 | D:3      | Quit the game

Action                   |  1- 3 |  4- 6 || total
-------------------------+-------+-------++-------
Melee: Unarmed           |    57 |       ||    57
       Dagger            |    63 |       ||    63
       Mace              |    22 |   135 ||   157
Throw: Javelin           |     3 |     4 ||     7
 Cast: Flame Tongue      |    29 |    10 ||    39
       Throw Flame       |       |     5 ||     5
  Use: Scroll            |     2 |       ||     2
       Potion            |       |     3 ||     3
 Stab: Sleeping          |     2 |     2 ||     4
  Eat: Chunk             |     5 |     8 ||    13

Vault maps used:
D:1:      wheals_arrival_linesprint
D:2:      nicolae_overflow_crystal_walls, first_bread
D:3:      portal_sewer_entry_b, grunt_ministairs_3, lexackson_kobold_supper
